[Event "10th Sharjah Cup Women 2020"]
[Site "Sharjah"]
[Date "2020.01.11"]
[Round "8.10"]
[White "Babayan, Armine"]
[Black "Abdulla, Khayala"]
[Result "0-1"]
[ECO "B15"]
[WhiteElo "2186"]
[BlackElo "2275"]
[Annotator "NA"]
[PlyCount "72"]
[EventDate "2020.01.04"]
[EventType "swiss"]
[EventCountry "UAE"]
[SourceTitle "playchess.com"]
[Source "ChessBase"]
[SourceQuality "1"]
[TimeControl "5400+30"]

1. e4 c6 2. d4 d5 3. Nc3 dxe4 4. Nxe4 Nf6 5. Nxf6+ exf6 6. Bc4 Be7 7. Be3 O-O 8. Ne2 Bd6 9. Ng3 f5 10. Qd2 Qc7 11. Nh5 Nd7 12. Bh6 $11 Re8+ 13. Kf1 g6 14. Ng7 Re4 15. g3 Nf6 16. f3 Re7 17. Qg5 Ne8 18. Nh5 Be6 19. Bd3 f6 20. Nxf6+ Nxf6 21. Qxf6 Bd5 22. Kg2 Rf7 23. Qh4 f4 24. g4 Qb6 25. Qf2 Re8 26. Be4 Bxe4 27. fxe4 f3+ 28. Kh3 Bf4 29. Bxf4 Rxf4 30. Rae1 Qc7 31. Qe3 f2 32. Rd1 Rexe4 33. Qg3 Qf7 34. Rd3 f1=Q+ 35. Rxf1 Rxf1 36. d5 h5 0-1

[Event "10th Sharjah Cup Women 2020"]
[Site "Sharjah"]
[Date "2020.01.11"]
[Round "8.11"]
[White "Al Maamari, Wafia Darwish"]
[Black "Pujari, Rucha"]
[Result "0-1"]
[ECO "C91"]
[WhiteElo "1866"]
[BlackElo "2187"]
[Annotator "NA"]
[PlyCount "76"]
[EventDate "2020.01.04"]
[EventType "swiss"]
[EventCountry "UAE"]
[SourceTitle "playchess.com"]
[Source "ChessBase"]
[SourceQuality "1"]
[TimeControl "5400+30"]

1. e4 e5 2. Nf3 Nc6 3. Bb5 a6 4. Ba4 Nf6 5. O-O Be7 6. Re1 b5 7. Bb3 O-O 8. d4 d6 9. c3 Bg4 10. d5 Na5 11. Bc2 c6 12. h3 Bc8 13. dxc6 Qc7 14. Nbd2 Qxc6 15. Nf1 h6 {[%emt 0:00:19] C91: Closed Ruy Lopez: 7...d6 8 c3 0-0 9 d4} 16. Ng3 Re8 17. Nh4 Bf8 18. Qf3 Re6 {[%emt 0:10:46] [#]} 19. Ngf5 $146 ({Predecessor:} 19. Nhf5 Bb7 20. b3 d5 21. exd5 Qxd5 22. Ne4 Nxe4 23. Rxe4 {0-1 (50) Jobava,B (2658)-Harikrishna,P (2650) Sochi 2007}) 19... Bb7 20. Qg3 Kh7 $14 21. a4 b4 22. Nf3 bxc3 23. b4 Nc4 24. Qh4 Kg8 25. Qg3 Kh8 26. Qh4 Nh7 27. g4 Nd2 28. Re3 d5 29. b5 axb5 30. axb5 Qxb5 31. Rxa8 Qf1+ 32. Kh2 Bxa8 33. Bxd2 cxd2 34. Nxd2 Qc1 35. exd5 Bxd5 36. Nf3 Bxf3 37. Rxf3 Qxc2 38. Qd8 Qc6 0-1

[Event "10th Sharjah Cup Women 2020"]
[Site "Sharjah"]
[Date "2020.01.11"]
[Round "8.12"]
[White "Jalaluldeen, Kareen Kamal J."]
[Black "Kubicka, Anna"]
[Result "0-1"]
[ECO "A42"]
[WhiteElo "1784"]
[BlackElo "2258"]
[Annotator "NA"]
[PlyCount "82"]
[EventDate "2020.01.04"]
[EventType "swiss"]
[EventCountry "UAE"]
[SourceTitle "playchess.com"]
[Source "ChessBase"]
[SourceQuality "1"]
[TimeControl "5400+30"]

1. d4 g6 2. c4 Bg7 3. Nc3 d6 4. e4 e5 5. Nf3 Nc6 6. d5 Nce7 7. Bd3 {[%emt 0:08:10] A42: Modern Defence: Averbakh Variation} (7. Be2 Nf6 8. O-O O-O 9. Ne1 Ne8 10. Be3 f5 11. f3 f4 12. Bf2 g5 13. c5 h5 14. a4 Rf6 15. a5 Rg6 16. Nb5 a6 17. cxd6 Nxd6 18. Nxd6 cxd6 19. Bb6 Qe8 20. Rc1 g4 21. Kh1 g3 22. Rc7 gxh2 23. Rf2 {1-0 (91) Ragger,M (2687)-Andriasian,Z (2594) Minsk 2015}) 7... f5 8. exf5 gxf5 9. Ng5 Nf6 10. Be2 O-O 11. O-O Ng6 $146 ({Predecessor:} 11... c6 12. Qb3 h6 13. Nf3 Kh8 14. Rd1 Ng6 15. Ne1 Qe7 16. a4 f4 17. Nf3 e4 18. Ne1 Ng4 19. f3 Qh4 20. fxg4 f3 {0-1 (20) Pastrana Alvarez,S (1881)-Alonso Gonzalez,C ICCF email 2007}) 12. b4 Qe7 13. c5 h6 14. cxd6 Qxd6 15. Nf3 a6 16. Qb3 e4 17. Nd4 Ng4 18. Bxg4 Bxd4 19. Be2 Kh7 20. Be3 Bxe3 $11 (20... Be5 $5 21. Bc5 Qf6 22. Bxf8 Nf4 $15) 21. fxe3 Bd7 22. Bh5 Ne5 23. a4 Rg8 24. Ne2 Nd3 25. Nf4 Qxb4 26. Qc2 Nxf4 27. Rxf4 Qb6 28. Qc1 Rg5 29. Bd1 Rag8 30. Ra2 Qa5 31. Rd2 R8g7 32. Rff2 Bxa4 33. Qa1 b5 34. Bxa4 bxa4 35. d6 cxd6 36. Rxd6 Qc5 37. Rd4 a3 38. Qe1 Qb6 39. Ra4 Qg6 40. Qe2 Qc6 41. Qc2 Rxg2+ 0-1

[Event "10th Sharjah Cup Women 2020"]
[Site "Sharjah"]
[Date "2020.01.11"]
[Round "8.13"]
[White "Bykova, Anastasia"]
[Black "Kyrkjebo, Hanna B."]
[Result "1/2-1/2"]
[ECO "E05"]
[WhiteElo "2247"]
[BlackElo "1963"]
[Annotator "ChessBase"]
[PlyCount "144"]
[EventDate "2020.01.04"]
[EventType "swiss"]
[EventCountry "UAE"]
[SourceTitle "playchess.com"]
[Source "ChessBase"]
[SourceQuality "1"]
[TimeControl "5400+30"]

1. d4 Nf6 2. c4 e6 3. g3 d5 4. Nf3 Be7 5. Bg2 dxc4 6. O-O O-O 7. Qc2 a6 8. a4 Bd7 9. Qxc4 Bc6 10. Bf4 Nbd7 11. Nc3 Bd6 12. Bxd6 cxd6 13. Qb4 Nb6 14. a5 Nbd5 15. Qa3 Rc8 16. Rfc1 Re8 17. e3 Nc7 18. Nd2 Bxg2 19. Kxg2 d5 20. Nb3 Nd7 21. Qb4 Rb8 22. Na4 Nb5 23. Nbc5 Nxc5 24. Rxc5 Rc8 25. Rac1 Rxc5 26. Rxc5 Qe7 27. Rxb5 axb5 28. Qxb5 g6 29. Nc5 Rb8 30. a6 b6 31. Nd7 Rd8 32. Nxb6 Qa7 33. Na4 Rb8 34. Qa5 Kg7 35. b4 e5 36. Qxd5 exd4 37. exd4 Rxb4 38. Nc5 Rb8 39. Qe5+ Kg8 40. Nd7 Qa8+ 41. d5 Rd8 42. Nf6+ Kf8 43. Nxh7+ Kg8 44. Nf6+ Kf8 45. Nd7+ Kg8 46. Qd6 Qc8 47. a7 Rxd7 48. Qxd7 Qxd7 49. a8=Q+ Kg7 50. Qc6 Qf5 51. d6 Qe5 52. d7 Qd4 53. h3 Kh7 54. Qb7 Kg7 55. Qc6 Kh7 56. Qc7 Qd5+ 57. Kh2 Qd2 58. Qa7 Kg7 59. h4 Qd1 60. Kg2 Qd5+ 61. Kg1 Qd1+ 62. Kh2 Qd2 63. Kh3 Qd5 64. f3 Qd1 65. Qc7 Qxf3 66. Qe5+ f6 67. Qe7+ Kh6 68. Qf8+ Kh7 69. Qd6 Qf1+ 70. Kh2 Qf2+ 71. Kh3 Qf1+ 72. Kh2 Qf2+ 1/2-1/2

[Event "10th Sharjah Cup Women 2020"]
[Site "Sharjah"]
[Date "2020.01.11"]
[Round "8.14"]
[White "Asatryan, Sona"]
[Black "Greibrokk, Ingrid"]
[Result "1-0"]
[ECO "B52"]
[WhiteElo "2085"]
[BlackElo "1855"]
[Annotator "NA"]
[PlyCount "53"]
[EventDate "2020.01.04"]
[EventType "swiss"]
[EventCountry "UAE"]
[SourceTitle "playchess.com"]
[Source "ChessBase"]
[SourceQuality "1"]
[TimeControl "5400+30"]

1. e4 c5 2. Nf3 d6 3. Bb5+ Bd7 4. Bxd7+ Qxd7 5. O-O Nc6 6. c3 g6 7. d4 cxd4 8. cxd4 Bg7 9. Nc3 Nf6 10. Bf4 Qg4 11. Qd2 g5 12. Bxg5 Nxe4 $16 13. Nxe4 Qxe4 14. d5 Ne5 15. Nxe5 Bxe5 16. Rae1 Qg6 17. Bxe7 Kxe7 18. f4 f6 19. fxe5 fxe5 20. Qb4 Rab8 21. Rxe5+ Kd7 22. Re6 Qc2 23. Qxd6+ Kc8 24. Rf8+ Rxf8 25. Qxf8+ Kc7 26. Qf7+ Kc8 27. Re8# 1-0

[Event "10th Sharjah Cup Women 2020"]
[Site "Sharjah"]
[Date "2020.01.11"]
[Round "8.15"]
[White "Samaganova, Alexandra"]
[Black "Alsabbagh Eman"]
[Result "1-0"]
[ECO "A36"]
[WhiteElo "2008"]
[BlackElo "1053"]
[Annotator "NA"]
[PlyCount "65"]
[EventDate "2020.01.04"]
[EventType "swiss"]
[EventCountry "UAE"]
[SourceTitle "playchess.com"]
[Source "ChessBase"]
[SourceQuality "1"]
[TimeControl "5400+30"]

1. c4 c5 2. Nc3 Nc6 3. g3 Nf6 4. Bg2 e6 $11 5. Nf3 d5 6. cxd5 exd5 7. d4 h6 8. O-O Bd6 9. Nb5 Be7 10. Bf4 O-O 11. dxc5 Bxc5 12. Rc1 Bb6 13. Nbd4 Bd7 14. Nxc6 Bxc6 15. Ne5 Bb5 16. a4 Bd7 17. b4 a5 18. b5 Be6 19. Qd3 Bc7 20. Qd4 Re8 21. Nxf7 Bxf7 22. Bxc7 Qd7 23. e3 Rac8 24. Bxa5 Rxc1 25. Rxc1 Rc8 26. Rxc8+ Qxc8 27. Bc3 Bg6 28. Bxd5+ Kf8 29. Bb4+ Ke8 30. Qe5+ Qe6 31. Qxe6+ Kd8 32. Ba5+ b6 33. Bxb6# 1-0

[Event "10th Sharjah Cup Women 2020"]
[Site "Sharjah"]
[Date "2020.01.11"]
[Round "8.16"]
[White "Amal Fadel S M Alshamsi"]
[Black "Kiolbasa, Oliwia"]
[Result "0-1"]
[ECO "B28"]
[WhiteElo "1403"]
[BlackElo "2196"]
[Annotator "ChessBase"]
[PlyCount "72"]
[EventDate "2020.01.04"]
[EventType "swiss"]
[EventCountry "UAE"]
[SourceTitle "playchess.com"]
[Source "ChessBase"]
[SourceQuality "1"]
[TimeControl "5400+30"]

1. e4 c5 2. Nf3 a6 3. d4 cxd4 4. Nxd4 Nf6 5. Nc3 e5 6. Nf3 Bb4 7. Bd3 d5 8. exd5 e4 9. O-O Bxc3 10. bxc3 O-O 11. Bxe4 Nxe4 12. c4 b5 13. Qd4 Nf6 14. cxb5 Qxd5 15. Qxd5 Nxd5 16. c4 Nf6 17. a4 Be6 18. Nd2 Nbd7 19. Ba3 Rfc8 20. Rfc1 axb5 21. cxb5 Nb6 22. Rxc8+ Bxc8 23. Bc5 Nxa4 24. Bd4 Nd5 25. Nc4 Bd7 26. Nd6 Nc7 27. Rb1 Ne6 28. Be3 Nc3 29. Re1 Nxb5 30. Nxb5 Bxb5 31. Rb1 Bc6 32. h3 Nc7 33. Rc1 Ra6 34. Bf4 Nd5 35. Be5 f6 36. Bd4 Nf4 0-1

[Event "10th Sharjah Cup Women 2020"]
[Site "Sharjah"]
[Date "2020.01.11"]
[Round "8.17"]
[White "Al-Hammadi, Maryam Hussein"]
[Black "Soyunlu, Narmin"]
[Result "0-1"]
[ECO "C60"]
[WhiteElo "1387"]
[BlackElo "2020"]
[Annotator "NA"]
[PlyCount "64"]
[EventDate "2020.01.04"]
[EventType "swiss"]
[EventCountry "UAE"]
[SourceTitle "playchess.com"]
[Source "ChessBase"]
[SourceQuality "1"]
[TimeControl "5400+30"]

1. e4 e5 2. Nf3 Nc6 3. Bb5 Nge7 4. d3 g6 5. Bg5 Bg7 6. Nc3 h6 7. Be3 Nd4 8. Bc4 O-O 9. Qd2 Kh7 10. O-O-O {[#]} c6 $1 11. Ne1 $2 (11. Bxd4 $17 {was worth a try.} exd4 12. Ne2) 11... d5 $19 12. exd5 cxd5 13. Bb5 a6 14. Ba4 b5 15. Bb3 Nxb3+ 16. axb3 d4 17. Ne4 dxe3 18. Qxe3 a5 19. Qf3 Be6 20. Nc3 a4 21. bxa4 b4 22. Nb1 Rxa4 23. Kd2 Ra2 24. Ke2 Rxb2 25. Kf1 Nf5 26. Rc1 Nd4 27. Qd1 Qf6 28. f3 Ra8 29. Nd2 Raa2 30. Ne4 Qh4 31. h3 f5 32. Nf2 b3 0-1

[Event "10th Sharjah Cup Women 2020"]
[Site "Sharjah"]
[Date "2020.01.11"]
[Round "8.18"]
[White "Boshra, Alshaeby"]
[Black "Rayan, Mohammad Ali Hassan"]
[Result "1-0"]
[ECO "C42"]
[WhiteElo "1979"]
[BlackElo "1473"]
[Annotator "NA"]
[PlyCount "41"]
[EventDate "2020.01.04"]
[EventType "swiss"]
[EventCountry "UAE"]
[SourceTitle "playchess.com"]
[Source "ChessBase"]
[SourceQuality "1"]
[TimeControl "5400+30"]

1. e4 e5 2. Nf3 Nf6 3. d3 Nc6 4. g3 Bc5 5. Bg2 d6 6. O-O h6 7. c3 Bg4 8. h3 Bh5 9. a4 a5 10. Na3 O-O 11. Nc2 Ba7 12. Be3 d5 13. Bxa7 Rxa7 14. Qe2 Re8 15. g4 Bg6 16. Nh4 dxe4 17. dxe4 Bxe4 18. Rad1 Bd5 19. Nf5 Re6 20. Bxd5 Nxd5 21. Qe4 1-0

[Event "10th Sharjah Cup Women 2020"]
[Site "Sharjah"]
[Date "2020.01.11"]
[Round "8.19"]
[White "Kaushika Sridharan"]
[Black "Dhyana Patel"]
[Result "0-1"]
[ECO "A45"]
[WhiteElo "1205"]
[BlackElo "1969"]
[Annotator "NA"]
[PlyCount "106"]
[EventDate "2020.01.04"]
[EventType "swiss"]
[EventCountry "UAE"]
[SourceTitle "playchess.com"]
[Source "ChessBase"]
[SourceQuality "1"]
[TimeControl "5400+30"]

1. d4 Nf6 2. Bf4 g6 3. e3 Bg7 4. Nf3 d6 5. c4 O-O 6. Nc3 Nbd7 7. Be2 b6 8. h3 Bb7 9. O-O a6 10. Rc1 Qe8 11. Bh2 e5 12. d5 Qe7 13. e4 Bh6 14. Ra1 Bc8 15. Bd3 Nh5 16. Bc2 Ng7 17. Re1 Nf6 18. Ba4 Nfe8 19. Bc6 Rb8 20. a4 f5 21. b3 Qf7 22. Qc2 Nf6 23. Rad1 fxe4 24. Nxe4 Bf5 25. Nxf6+ Qxf6 26. Qe2 g5 27. Nd2 Bg6 28. Bg3 Nf5 29. Ne4 Qf7 30. Qg4 Bh5 31. Nxg5 Qg6 32. Qe4 Qxg5 33. Rd3 Bg6 34. Qe2 Qf6 35. Rdd1 Nxg3 36. fxg3 Qg5 37. Bd7 Qxg3 38. Be6+ Kg7 39. Rf1 Qe3+ 40. Qxe3 Bxe3+ 41. Kh1 Rxf1+ 42. Rxf1 Rf8 43. Rxf8 Kxf8 44. Kh2 Bc2 45. b4 Bxa4 46. Kg3 Bd2 47. b5 axb5 48. cxb5 Bxb5 49. Kf2 e4 50. Bf5 e3+ 51. Kf3 e2 52. Kg3 e1=Q+ 53. Kg4 Be2# 0-1

[Event "10th Sharjah Cup Women 2020"]
[Site "Sharjah"]
[Date "2020.01.11"]
[Round "8.20"]
[White "Shanya Mishra"]
[Black "Kanter, Elizaveta"]
[Result "1-0"]
[ECO "A59"]
[WhiteElo "1907"]
[BlackElo "1411"]
[Annotator "NA"]
[PlyCount "133"]
[EventDate "2020.01.04"]
[EventType "swiss"]
[EventCountry "UAE"]
[SourceTitle "playchess.com"]
[Source "ChessBase"]
[SourceQuality "1"]
[TimeControl "5400+30"]

1. d4 Nf6 2. c4 c5 3. d5 b5 4. cxb5 a6 5. bxa6 Bxa6 6. Nc3 g6 7. Nf3 Bg7 8. e4 Bxf1 9. Kxf1 d6 10. g3 O-O 11. Kg2 Nbd7 12. a4 Qa5 13. Bd2 Rfb8 14. Nb5 Qb6 15. Qe2 Ng4 16. Bc3 Nge5 17. Nd2 Nf8 18. f4 Ned7 19. Nc4 Qd8 20. Bxg7 Kxg7 21. h4 Nf6 22. b3 Qd7 23. Rad1 Qg4 24. Rhe1 Rd8 25. Qxg4 Nxg4 26. e5 dxe5 27. fxe5 Nd7 28. e6 Ndf6 29. d6 exd6 30. e7 Rdb8 31. Ncxd6 h5 32. Nc7 Ra7 33. Ndb5 Rab7 34. e8=Q Nxe8 35. Nxe8+ Kf8 36. Ned6 Re7 37. Rxe7 Kxe7 38. Re1+ Kf8 39. a5 Ra8 40. Nc4 Nf6 41. Ra1 Ra6 42. Nc7 Ra7 43. a6 Ke7 44. Nb5 Ra8 45. Nb6 Rd8 46. a7 Rd2+ 47. Kg1 Rd8 48. a8=Q Rxa8 49. Rxa8 Ne4 50. Nd5+ Ke6 51. Nbc7+ Kd6 52. Kg2 Nd2 53. Rd8+ Kc6 54. Ne7+ Kxc7 55. Rxd2 Kb6 56. Kf3 Kb5 57. Nd5 c4 58. bxc4+ Kxc4 59. Ke4 f5+ 60. Ke5 Kc5 61. Rc2+ Kb5 62. Kd4 Ka6 63. Rb2 Ka7 64. Kc5 Ka6 65. Nc7+ Ka7 66. Kc6 f4 67. Rb7# 1-0

[Event "10th Sharjah Cup Women 2020"]
[Site "Sharjah"]
[Date "2020.01.11"]
[Round "8.22"]
[White "Khalil, Hanan"]
[Black "Al-Fayyadh, Zainab Asif Abdulah"]
[Result "1-0"]
[ECO "C77"]
[WhiteElo "1360"]
[BlackElo "1646"]
[Annotator "NA"]
[PlyCount "117"]
[EventDate "2020.01.04"]
[EventType "swiss"]
[EventCountry "UAE"]
[SourceTitle "playchess.com"]
[Source "ChessBase"]
[SourceQuality "1"]
[TimeControl "5400+30"]

1. e4 e5 2. Nf3 Nc6 3. Bb5 a6 4. Ba4 Nf6 5. d3 b5 6. Bb3 Be7 7. O-O d6 8. c3 O-O 9. Nbd2 Na5 10. Bc2 c5 11. Re1 Re8 12. Nf1 Bf8 13. h3 g6 14. Ng3 Bg7 15. Nh2 Bb7 16. Ng4 b4 17. Bg5 Bc8 18. Nh6+ Kf8 19. cxb4 cxb4 20. Bb3 Be6 21. Bxe6 Rxe6 22. Qa4 Qb6 23. Rac1 Qb5 24. Qxb5 axb5 25. Rc7 Re7 26. Rec1 Rae8 27. Rxe7 Rxe7 28. Ng4 Re6 29. Nxf6 Bxf6 30. Bd2 Be7 31. Bxb4 Nb7 32. Rc8+ Kg7 33. Rb8 Nc5 34. Bxc5 dxc5 35. Rxb5 Ra6 36. a3 Rd6 37. Rxc5 Rxd3 38. Rxe5 Rd1+ 39. Kh2 Bf6 40. Rd5 Rxd5 41. exd5 Bxb2 42. a4 Kf6 43. f4 Bc1 44. Ne4+ Ke7 45. Kg3 h6 46. a5 Be3 47. a6 f5 48. Nc3 Kd7 49. Nb5 Kc8 50. a7 Kb7 51. d6 Bb6 52. d7 Bd8 53. Kf3 Ka8 54. Nd6 Kxa7 55. Nf7 Bf6 56. d8=Q Bxd8 57. Nxd8 Kb6 58. Nf7 h5 59. Ne5 1-0

[Event "10th Sharjah Cup Women 2020"]
[Site "Sharjah"]
[Date "2020.01.11"]
[Round "8.23"]
[White "Mariam, Essa"]
[Black "Al-Moaamari, Mozah"]
[Result "1-0"]
[ECO "B34"]
[WhiteElo "1560"]
[BlackElo "1395"]
[Annotator "NA"]
[PlyCount "69"]
[EventDate "2020.01.04"]
[EventType "swiss"]
[EventCountry "UAE"]
[SourceTitle "playchess.com"]
[Source "ChessBase"]
[SourceQuality "1"]
[TimeControl "5400+30"]

1. e4 c5 2. Nf3 Nc6 3. d4 cxd4 4. Nxd4 g6 5. Nc3 Bg7 6. Be3 Nf6 7. Be2 O-O 8. Nb3 d6 9. f4 e6 10. g4 Ne8 11. Qd2 f5 12. exf5 exf5 13. g5 Be6 14. O-O-O Na5 15. Bd4 Nxb3+ 16. axb3 Qa5 17. Qe3 Bf7 18. Bxg7 Nxg7 19. Kb1 Rfe8 20. Qf3 Qb6 21. Nd5 Bxd5 22. Qxd5+ Kh8 23. Bc4 Ne6 24. Rhe1 Nxf4 25. Rxe8+ Rxe8 26. Qf7 Qd8 27. b4 Qe7 28. Qf6+ Qxf6 29. gxf6 d5 30. Bxd5 Rd8 31. c4 Nh5 32. f7 Kg7 33. Re1 Nf4 34. Re8 Nxd5 35. f8=Q# 1-0

[Event "10th Sharjah Cup Women 2020"]
[Site "Sharjah"]
[Date "2020.01.12"]
[Round "9.1"]
[White "Assaubayeva, Bibisara"]
[Black "Socko, Monika"]
[Result "1/2-1/2"]
[ECO "A05"]
[WhiteElo "2375"]
[BlackElo "2413"]
[Annotator "ChessBase"]
[PlyCount "66"]
[EventDate "2020.01.04"]
[EventType "swiss"]
[EventCountry "UAE"]
[SourceTitle "playchess.com"]
[Source "ChessBase"]
[SourceQuality "1"]
[TimeControl "5400+30"]

1. Nf3 Nf6 2. c4 e6 3. g3 d5 4. b3 c5 5. Bg2 Nc6 6. O-O d4 7. e3 e5 8. exd4 exd4 9. Re1+ Be7 10. d3 O-O 11. Bf4 h6 12. Ne5 Nxe5 13. Bxe5 Bd6 14. Bxd6 Qxd6 15. b4 cxb4 16. a3 Bg4 17. Qb3 Rfe8 18. Rc1 Re2 19. axb4 Qe5 20. Rf1 Qe6 21. Ra2 Re8 22. Nd2 Bh3 23. Ne4 Rxa2 24. Nxf6+ Qxf6 25. Qxa2 Bxg2 26. Kxg2 Qc6+ 27. Kg1 Qf3 28. Qxa7 Qxd3 29. Qxb7 Qxc4 30. b5 d3 31. Qc6 Qxc6 32. bxc6 Rc8 33. Rd1 Rxc6 1/2-1/2

[Event "10th Sharjah Cup Women 2020"]
[Site "Sharjah"]
[Date "2020.01.12"]
[Round "9.2"]
[White "Bulmaga, Irina"]
[Black "Nguyen, Thi Mai Hung"]
[Result "1-0"]
[ECO "C11"]
[WhiteElo "2446"]
[BlackElo "2254"]
[Annotator "ChessBase"]
[PlyCount "63"]
[EventDate "2020.01.04"]
[EventType "swiss"]
[EventCountry "UAE"]
[SourceTitle "playchess.com"]
[Source "ChessBase"]
[SourceQuality "1"]
[TimeControl "5400+30"]

1. e4 e6 2. d4 d5 3. Nc3 Nf6 4. Bg5 dxe4 5. Nxe4 Nbd7 6. Nf3 h6 7. Nxf6+ Nxf6 8. Be3 Nd5 9. Bd2 Be7 10. Bd3 O-O 11. Qe2 c5 12. dxc5 Qc7 13. Ne5 Bxc5 14. O-O-O Rd8 15. f4 b5 16. g4 Bb7 17. g5 hxg5 18. fxg5 Bd4 19. Rhe1 Bxe5 20. Qxe5 Qxe5 21. Rxe5 a6 22. g6 Nf6 23. Rg1 Bd5 24. gxf7+ Kxf7 25. Reg5 Ne8 26. Bc3 Rac8 27. Bg6+ Ke7 28. Bb4+ Kf6 29. h4 Nd6 30. Rf1+ Nf5 31. Bxf5 exf5 32. Rfxf5+ 1-0

[Event "10th Sharjah Cup Women 2020"]
[Site "Sharjah"]
[Date "2020.01.12"]
[Round "9.3"]
[White "Abdulla, Khayala"]
[Black "Sukandar, Irine Kharisma"]
[Result "0-1"]
[ECO "B30"]
[WhiteElo "2275"]
[BlackElo "2402"]
[Annotator "ChessBase"]
[PlyCount "88"]
[EventDate "2020.01.04"]
[EventType "swiss"]
[EventCountry "UAE"]
[SourceTitle "playchess.com"]
[Source "ChessBase"]
[SourceQuality "1"]
[TimeControl "5400+30"]

1. e4 c5 2. Nf3 Nc6 3. Nc3 e5 4. Bc4 d6 5. d3 Be7 6. O-O Nf6 7. Nd5 O-O 8. c3 Rb8 9. a4 a6 10. Nxe7+ Qxe7 11. Bg5 h6 12. Bh4 Be6 13. Nd2 g5 14. Bg3 b5 15. axb5 axb5 16. Bb3 Rfc8 17. Re1 Ra8 18. Rxa8 Rxa8 19. Nf1 b4 20. Ne3 bxc3 21. bxc3 Ra3 22. Bd5 Qd7 23. h4 Bxd5 24. Nxd5 Nxd5 25. exd5 Ne7 26. Qc1 Ra4 27. hxg5 Rg4 28. gxh6 f5 29. d4 f4 30. dxe5 fxg3 31. f3 Rg6 32. e6 Qa4 33. Qb2 Qh4 34. Qb8+ Kh7 35. Qf8 Rxh6 36. Kf1 Qg5 37. Kg1 Rg6 38. f4 Qh4 39. Kf1 Rg8 40. Qf7+ Rg7 41. Qf8 Qh1+ 42. Ke2 Qxg2+ 43. Kd1 Qxd5+ 44. Kc1 g2 0-1

[Event "10th Sharjah Cup Women 2020"]
[Site "Sharjah"]
[Date "2020.01.12"]
[Round "9.4"]
[White "Zimina, Olga"]
[Black "Dordzhieva, Dinara"]
[Result "1-0"]
[ECO "A13"]
[WhiteElo "2367"]
[BlackElo "2326"]
[Annotator "ChessBase"]
[PlyCount "115"]
[EventDate "2020.01.04"]
[EventType "swiss"]
[EventCountry "UAE"]
[SourceTitle "playchess.com"]
[Source "ChessBase"]
[SourceQuality "1"]
[TimeControl "5400+30"]

1. c4 Nf6 2. Nf3 e6 3. g3 d5 4. Bg2 dxc4 5. Qa4+ c6 6. Qxc4 b5 7. Qb3 Bb7 8. O-O a6 9. Ne5 Bc5 10. a4 O-O 11. d3 Bd4 12. Nf3 Bb6 13. Nc3 Nbd7 14. Bf4 Qe7 15. Rfc1 Ng4 16. Nd1 c5 17. axb5 Bd5 18. Qa4 axb5 19. Qxb5 Rac8 20. Ne5 Ngxe5 21. Bxe5 c4 22. dxc4 Rc5 23. Qb4 Bxg2 24. Kxg2 Nxe5 25. Qxb6 Nxc4 26. Qb4 Qc7 27. Kg1 Rb8 28. Qc3 Rc8 29. b3 Nb6 30. Qxc5 Qxc5 31. Rxc5 Rxc5 32. Ne3 Kf8 33. Ra7 Nc8 34. Rb7 Nd6 35. Rb8+ Ke7 36. Kg2 Kd7 37. g4 Kc7 38. Rg8 g6 39. Rg7 h5 40. Nc4 hxg4 41. Nxd6 Kxd6 42. Rxf7 Ke5 43. Rb7 Rc2 44. e3 Kf5 45. b4 Rb2 46. b5 Kf6 47. b6 g5 48. Rb8 Rb1 49. h3 gxh3+ 50. Kxh3 Rb4 51. Kg3 Kg7 52. b7 Kh7 53. f3 Kg7 54. e4 Rb2 55. Kg4 Rb5 56. e5 Kh7 57. Kxg5 Kg7 58. Kf4 1-0

[Event "10th Sharjah Cup Women 2020"]
[Site "Sharjah"]
[Date "2020.01.12"]
[Round "9.6"]
[White "Smirnova, Ekaterina"]
[Black "Rapport, Jovana"]
[Result "1/2-1/2"]
[ECO "D37"]
[WhiteElo "2249"]
[BlackElo "2333"]
[Annotator "ChessBase"]
[PlyCount "109"]
[EventDate "2020.01.04"]
[EventType "swiss"]
[EventCountry "UAE"]
[SourceTitle "playchess.com"]
[Source "ChessBase"]
[SourceQuality "1"]
[TimeControl "5400+30"]

1. d4 Nf6 2. c4 e6 3. Nf3 d5 4. Nc3 Nbd7 5. cxd5 exd5 6. Bg5 c6 7. e3 Be7 8. Bd3 Ne4 9. Bf4 Ndf6 10. Qc2 Bf5 11. O-O O-O 12. Ne5 g6 13. f3 Nd6 14. Rad1 Bxd3 15. Qxd3 Nh5 16. Bh6 Ng7 17. e4 f6 18. Ng4 f5 19. Ne5 fxe4 20. fxe4 Rxf1+ 21. Rxf1 dxe4 22. Nxe4 Ndf5 23. Bxg7 Kxg7 24. Rxf5 gxf5 25. Ng3 Qd5 26. Nxf5+ Kf8 27. Nxe7 Kxe7 28. Qxh7+ Kd8 29. Qh8+ Kc7 30. Qxa8 Qxd4+ 31. Kf1 Qxe5 32. Qxa7 Qxh2 33. Qa5+ Kc8 34. Qf5+ Kc7 35. Kf2 Qh8 36. Qa5+ Kb8 37. Qc3 Qh7 38. g4 Qf7+ 39. Kg3 Qxa2 40. Qe5+ Kc8 41. g5 Qb3+ 42. Kh4 Qg8 43. Qf5+ Kd8 44. Qf6+ Ke8 45. g6 Qd5 46. Qh8+ Ke7 47. Qg7+ Ke8 48. Qxb7 Kf8 49. Qc7 Qh1+ 50. Kg4 Qd1+ 51. Kg5 Qd5+ 52. Kg4 Qd1+ 53. Kf5 Qd3+ 54. Kg5 Qd5+ 55. Kg4 1/2-1/2

[Event "10th Sharjah Cup Women 2020"]
[Site "Sharjah"]
[Date "2020.01.12"]
[Round "9.7"]
[White "Gevorgyan, Irina"]
[Black "Asatryan, Sona"]
[Result "1/2-1/2"]
[ECO "A06"]
[WhiteElo "2216"]
[BlackElo "2085"]
[Annotator "ChessBase"]
[PlyCount "48"]
[EventDate "2020.01.04"]
[EventType "swiss"]
[EventCountry "UAE"]
[SourceTitle "playchess.com"]
[Source "ChessBase"]
[SourceQuality "1"]
[TimeControl "5400+30"]

1. Nf3 d5 2. e3 Nf6 3. c4 e6 4. Nc3 Be7 5. d4 O-O 6. Qc2 dxc4 7. Bxc4 a6 8. O-O b5 9. Bd3 Bb7 10. Ne4 Nxe4 11. Bxe4 Bxe4 12. Qxe4 Qd5 13. Qc2 Rc8 14. e4 Qb7 15. Rd1 Nd7 16. d5 exd5 17. exd5 Nf6 18. Ne5 Bd6 19. Nc6 Re8 20. Bg5 Ng4 21. h3 Ne5 22. Be3 Nxc6 23. dxc6 Qc8 24. Bc5 Qe6 1/2-1/2

[Event "10th Sharjah Cup Women 2020"]
[Site "Sharjah"]
[Date "2020.01.12"]
[Round "9.8"]
[White "Kubicka, Anna"]
[Black "Pujari, Rucha"]
[Result "1/2-1/2"]
[ECO "C42"]
[WhiteElo "2258"]
[BlackElo "2187"]
[Annotator "ChessBase"]
[PlyCount "118"]
[EventDate "2020.01.04"]
[EventType "swiss"]
[EventCountry "UAE"]
[SourceTitle "playchess.com"]
[Source "ChessBase"]
[SourceQuality "1"]
[TimeControl "5400+30"]

1. e4 e5 2. Nf3 Nf6 3. Nxe5 d6 4. Nf3 Nxe4 5. Nc3 Nxc3 6. dxc3 Be7 7. Bf4 Nc6 8. Qd2 Bf5 9. h3 Qd7 10. Be2 a6 11. O-O-O O-O-O 12. Rhe1 Rhe8 13. Nd4 Nxd4 14. cxd4 Qa4 15. Kb1 Bf6 16. b3 Qc6 17. Bf3 d5 18. g4 Bg6 19. g5 Be7 20. Re3 Bd6 21. Be5 Bxe5 22. dxe5 Kb8 23. Kb2 Qb6 24. c3 c6 25. Re2 Be4 26. Bg4 c5 27. Qf4 Qc7 28. f3 Bg6 29. h4 c4 30. Bf5 Bxf5 31. Qxf5 Re6 32. Rd4 g6 33. Qf4 Rb6 34. Qd2 Qc5 35. Qd1 Rb5 36. b4 a5 37. a3 axb4 38. axb4 Kc7 39. Qa4 Qc6 40. Kc1 Qe8 41. Ra2 Kc6 42. f4 Qe6 43. Qd1 Qh3 44. Rc2 Rd7 45. Qe1 Rb6 46. Ra2 Kc7 47. Ra5 Ra6 48. Rxa6 bxa6 49. Kc2 Qh2+ 50. Qd2 Qxh4 51. Rxd5 Rxd5 52. Qxd5 Qxf4 53. Qd6+ Kb7 54. Qd7+ Kb8 55. Qd8+ Kb7 56. Qd7+ Kb8 57. Qd6+ Kb7 58. Qd5+ Kb8 59. Qd8+ Kb7 1/2-1/2